 Dungeon Crawl Stone Soup version 0.21-a0-91-ga5031da (webtiles) character file.

1403 grindst0ne the Fighter (level 8, -5/89 HPs)
             Began as an Ogre Berserker on June 30, 2017.
             Was a Priest of Trog.
             Slain by a hornet zombie (14 damage)
             ... on level 6 of the Dungeon.
             The game lasted 00:12:07 (6272 turns).

grindst0ne the Fighter (Ogre Berserker)             Turns: 6272, Time: 00:12:08

Health: -5/89      AC:  6    Str: 26    XL:     8   Next: 69%
Magic:  17/17      EV: 10    Int:  8    God:    Trog [***...]
Gold:   174        SH:  0    Dex:  5    Spells: 7/7 levels left

rFire    . . .     SeeInvis .   y - +0 giant club
rCold    + . .     Gourm    .   (shield currently unavailable)
rNeg     . . .     Faith    .   b - +0 animal skin
rPois    .         Spirit   .   k - +0 hat
rElec    .         Reflect  .   u - +2 cloak of the Eight Boll Weevils {rC+ MP+9 Str+4 Dex-5}
rCorr    .         Harm     .   (gloves unavailable)
MR       ++...                  (boots unavailable)
Stlth    +.........             (no amulet)
HPRegen  1.24/turn              (no ring)
MPRegen  0.15/turn              (no ring)

@: berserk cooldown, regenerating, hasted and slowed
A: unfitting armour, tough skin 1
a: Berserk, Trog's Hand, Burn Spellbooks, Renounce Religion


You were on level 6 of the Dungeon.
You worshipped Trog.
Trog was most pleased with you.
You were near starving.

You visited 1 branch of the dungeon, and saw 6 of its levels.

You collected 174 gold pieces.

Inventory:

Hand Weapons
 a - a +0 mace
 y - a +0 giant club (weapon)
Missiles
 A - 2 large rocks (quivered)
Armour
 b - a +0 animal skin (worn)
 j - a +0 cloak
 k - a +0 hat (worn)
 u - the +2 cloak of the Eight Boll Weevils (worn) {rC+ MP+9 Str+4 Dex-5}
   (You found it on level 5 of the Dungeon)

   It affects your strength (+4).
   It affects your dexterity (-5).
   It protects you from cold.
   It affects your magic capacity (+9).
Jewellery
 x - a cursed -3 ring of protection {unknown}
Scrolls
 d - a scroll of remove curse {unknown}
 f - a scroll of random uselessness
 l - 2 scrolls of teleportation
 o - 2 scrolls of enchant armour {unknown}
 s - 2 scrolls of recharging
 w - a scroll of magic mapping {unknown}
 B - a scroll of summoning {unknown}
Potions
 i - 2 potions of curing
 q - 2 potions of might
 r - 2 potions of flight
 t - a potion of brilliance
Books
 v - a book of Minor Magic

   Spells                             Type                      Level
   a - Magic Dart                     Conjuration                  1
   b - Blink                          Translocation                2
   c - Call Imp                       Summoning                    2
   d - Slow                           Hexes                        2
   e - Conjure Flame                  Conjuration/Fire             3
   f - Mephitic Cloud                 Conjuration/Poison/Air       3
   Trog disapproves of the use of such an item.
Comestibles
 c - 2 bread rations
 g - 2 royal jellies
 h - 4 chunks of flesh
 m - 6 fruits
 n - 5 meat rations


   Skills:
 + Level 8.3 Fighting
 * Level 5.9 Maces & Flails
 * Level 2.4 Throwing
 + Level 6.1 Dodging


You had 7 spell levels left.
You didn't know any spells.

Dungeon Overview and Level Annotations

Branches:
Dungeon (6/15)             Temple (0/1) D:6

Altars:
Makhleb
Okawaru
Qazlal
Uskayaw

Annotations:
D:6 Sigmund


Innate Abilities, Weirdness & Mutations

You are too large for most types of armour.
You have tough skin. (AC +1)


Message History

You are near starving!
You feel yourself speed up. The bullfrog hits you.
* * * LOW HITPOINT WARNING * * *
The bullfrog hits you.
* * * LOW HITPOINT WARNING * * *
The hornet zombie hits you.
* * * LOW HITPOINT WARNING * * *
The hornet zombie hits you.
* * * LOW HITPOINT WARNING * * *
The bullfrog hits you but does no damage.
Okay, then.
The bullfrog hits you!
* * * LOW HITPOINT WARNING * * *
You feel better. The hornet zombie hits you!
* * * LOW HITPOINT WARNING * * *
The bullfrog misses you.
You feel better.
You feel the effects of Trog's Hand fading.
The hornet zombie hits you!
You die...

.........#.......≈≈≈>§§≈.
#...........§≈§≈≈≈≈.....
##............≈§§≈≈......
#........[.....≈≈§.......
#........................
#...#....................
......#...l.##.............
......##..ZF###............
.....####...@###............
..... #.............###### ###
#.............# #####
#.............#
#...###.............## .
#....#####...........# #..
#####....................####..
#.....................[....##..
#..........................##..


You could see a bullfrog, an iguana and a hornet zombie.

Vanquished Creatures
  Prince Ribbit (D:6)
  An orc warrior (D:6)
  An ice beast (D:5)
  2 ogres (D:5)
  A necrophage (D:5)
  Blork the orc (D:5)
  A bullfrog (D:3)
  A gnoll sergeant (D:3)
  A crimson imp (D:6)
  A hound (D:5)
  2 orc priests (D:3)
  A bullfrog skeleton (D:5)
  4 orc wizards
  3 worker ants
  8 gnolls
  6 adders
  An ooze (D:1)
  4 worms
  3 dart slugs
  3 leopard geckos
  19 orcs
  A ball python (D:2)
  7 giant cockroaches
  6 goblins
  8 hobgoblins
  4 jackals (D:6)
  5 kobolds
  5 quokkas
  6 bats
  A frilled lizard (D:5)
  A leopard gecko zombie (D:5)
  6 rats
115 creatures vanquished.

Notes
Turn   | Place    | Note
-------+----------+-------------------------------------------
     0 | D:1      | grindst0ne the Ogre Berserker began the quest for the Orb.
     0 | D:1      | Reached XP level 1. HP: 24/24 MP: 1/1
   212 | D:1      | Reached XP level 2. HP: 33/33 MP: 2/2
   720 | D:2      | Reached XP level 3. HP: 26/40 MP: 3/3
   976 | D:2      | Reached ** piety under Trog
   995 | D:2      | Found an iron altar of Okawaru.
  1199 | D:2      | Reached skill level 5 in Fighting
  1399 | D:2      | Reached XP level 4. HP: 33/50 MP: 4/4
  2004 | D:3      | Noticed a bullfrog
  2017 | D:3      | Killed a bullfrog
  2017 | D:3      | Reached XP level 5. HP: 23/57 MP: 5/5
  2613 | D:3      | Reached XP level 6. HP: 44/67 MP: 6/6
  2696 | D:3      | Reached skill level 6 in Fighting
  2853 | D:3      | Found a stormy altar of Qazlal.
  2853 | D:3      | Found a hide-covered altar of Uskayaw.
  3397 | D:3      | Found a burning altar of Makhleb.
  3593 | D:4      | Reached XP level 7. HP: 31/76 MP: 7/7
  4417 | D:5      | Entered Level 5 of the Dungeon
  4782 | D:5      | Got a steaming cloak
  4798 | D:5      | Identified the +2 cloak of the Eight Boll Weevils {rC+ MP+9 Str+4 Dex-5} (You found it on level 5 of the Dungeon)
  4861 | D:5      | Reached skill level 7 in Fighting
  4861 | D:5      | Reached skill level 5 in Dodging
  5010 | D:5      | Reached *** piety under Trog
  5323 | D:5      | Reached skill level 5 in Maces & Flails
  5323 | D:5      | Reached XP level 8. HP: 87/87 MP: 8/8
  5713 | D:6      | Noticed Sigmund
  5713 | D:6      | Noticed Blork the orc
  5723 | D:5      | Killed Blork the orc
  5825 | D:6      | Reached skill level 8 in Fighting
  5825 | D:6      | Reached skill level 1 in Throwing
  5842 | D:6      | Noticed Prince Ribbit
  5860 | D:6      | Killed Prince Ribbit
  6246 | D:6      | Found a staircase to the Ecumenical Temple.
  6271 | D:6      | HP: 3/89 [hornet zombie (8)]
  6272 | D:6      | Slain by a hornet zombie

Vault maps used:
D:1:      dpeg_arrival_chase, minmay_octomino_j4
D:2:      okawaru_ov_weapons_minmay
D:3:      nicolae_overflow_crystal_walls, gammafunk_temple_overflow_statue
D:4:      first_bread
D:6:      amethyst_overflow_temple_binary, minmay_temple_entry_mist,
          serial_shops, shop_fountains, uniq_sigmund, uniq_blork_the_orc,
          uniq_prince_ribbit1, uniq_menkaure

Skill      XL: |  1  2  3  4  5  6  7  8 |
---------------+-------------------------+-----
Dodging        | 3 4 5 6 |  6.1
Maces & Flails | 3 4 5 |  5.9
Fighting       | 5 6 7 8 |  8.3
Throwing       | 2 |  2.4

Action                   |  1- 3 |  4- 6 |  7- 9 || total
-------------------------+-------+-------+-------++-------
Melee: Mace              |   137 |   170 |   112 ||   419
       Giant club        |       |       |    65 ||    65
Throw: Large rock        |       |       |     3 ||     3
Invok: Trog's Hand       |       |     7 |     6 ||    13
       Berserk           |       |     5 |     4 ||     9
  Use: Potion            |       |     2 |     4 ||     6
       Scroll            |       |       |     9 ||     9
 Stab: Invisible         |       |     1 |       ||     1
  Eat: Chunk             |     2 |    12 |    10 ||    24
       Bread ration      |       |       |     1 ||     1
Armor: Animal skin       |    50 |    40 |    40 ||   130
Dodge: Dodged            |   101 |    95 |   104 ||   300
